Map: Dragon Scales LE

Players

电脑难度(新手)

  • Race: Terran Terran
  • Spawn Location: 5:00

IIIIIIIIIII - Winner!

  • Race: Protoss Protoss
  • League: Master
  • Spawn Location: 11:00

VOD

Have the link to the VOD?

Description

Time

  • Played on: March 6, 2023, 3:44 a.m.
  • Length: 9:46
Show
View Real Time Build Order
Export as new Build Order

电脑难度(新手) Terran 

Build Orders: Reaper Expand 

Get SALT Encoding   

  12  0:00  SCV  
  13  0:13  SCV  
  14  0:18  Supply Depot  
  14  0:43  Barracks  
  14  1:03  Command Center  
  14  1:31  Orbital Command, Supply Depot, Marine  
  15  1:36  Refinery  
  15  1:48  Refinery  
  15  1:56  SCV  
  16  2:08  SCV  
  16  2:15  SCV  
  18  2:16  Reaper  
  18  2:22  SCV  
  20  2:29  SCV  
  21  2:36  SCV  
  22  2:43  SCV  
  23  2:51  SCV  
  24  2:53  Refinery  
  24  2:58  SCV  
  25  3:04  Marine  
  25  3:05  SCV  
  27  3:12  SCV  
  28  3:19  SCV  
  29  3:20  Factory  
  29  3:43  Refinery  
  29  3:45  SCV  
  30  3:52  SCV, Marine  
  32  3:57  Supply Depot  
  32  4:00  SCV  
  33  4:07  Starport, SCV  
  34  4:11  Barracks Tech Lab  
  34  4:14  SCV  
  35  4:21  SCV  
  36  4:28  SCV  
  36  4:31  Supply Depot  
  37  4:35  SCV  
  38  4:40  Marauder  
  38  4:43  SCV  
  38  4:45  Starport Tech Lab  
  41  4:50  SCV  
  42  4:57  SCV  
  43  5:04  SCV  
  43  5:05  Raven  
  46  5:11  SCV  
  47  5:18  SCV  
  48  5:28  Marine  
  49  5:39  Raven  
  51  6:10  SCV  
  51  6:16  Marine  
  52  7:04  Marauder  
  54  8:58  Marine  
  54  9:01  Supply Depot  
  44  9:03  SCV  
  27  9:15  SCV  
Show
View Real Time Build Order
Export as new Build Order

IIIIIIIIIII Protoss - Winner!

Build Orders: 1 Gate Expand, Blink Stalkers, Zealot Archon, Colossus Rush 

Get SALT Encoding   

  12  0:00  Probe  
  13  0:12  Probe  
  14  0:18  Pylon  
  14  0:24  Probe (Chrono Boost)  
  15  0:36  Gateway  
  15  0:38  Probe (Chrono Boost)  
  16  0:45  Assimilator  
  16  0:48  Probe  
  17  1:00  Probe  
  18  1:12  Probe  
  19  1:24  Probe  
  20  1:26  Cybernetics Core  
  20  1:37  Nexus  
  20  1:43  Pylon  
  20  1:46  Assimilator  
  20  1:47  Probe  
  21  1:59  Probe  
  21  2:00  Stalker (Chrono Boost)  
  24  2:11  Warp Gate  
  24  2:12  Probe  
  25  2:22  Stalker  
  25  2:26  Probe  
  28  2:38  Probe (Chrono Boost)  
  28  2:42  Twilight Council  
  29  2:50  Probe (Chrono Boost)  
  29  2:51  Probe (Chrono Boost)  
  31  2:58  Probe (Chrono Boost)  
  33  2:59  Probe (Chrono Boost)  
  33  3:02  Gateway  
  33  3:05  Probe x2, Robotics Facility  
  35  3:13  Gateway  
  35  3:17  Probe  
  35  3:19  Probe  
  37  3:22  Blink (Chrono Boost)  
  37  3:29  Probe  
  37  3:32  Assimilator  
  38  3:34  Assimilator  
  38  3:38  Probe  
  39  3:42  Probe  
  39  3:44  Pylon  
  40  3:50  Probe, Shield Battery  
  40  3:52  Observer  
  40  3:54  Probe  
  43  4:02  Probe  
  44  4:06  Probe  
  44  4:08  Robotics Bay  
  45  4:14  Observer, Probe  
  45  4:16  Forge  
  47  4:19  Probe  
  48  4:24  Stalker x2  
  48  4:27  Probe  
  53  4:33  Pylon  
  53  4:43  Pylon  
  53  4:49  Immortal (Chrono Boost)  
  57  4:59  Nexus  
  57  5:04  Sentry x2  
  57  5:05  Pylon  
  61  5:09  Stalker  
  61  5:11  Probe  
  61  5:13  Protoss Ground Weapons Level 1  
  64  5:21  Colossus (Chrono Boost)  
  70  5:34  Gateway  
  70  5:35  Gateway  
  70  5:40  Gateway  
  70  5:44  Probe x2  
  71  5:55  Shield Battery  
  71  5:56  Probe  
  72  5:57  Charge  
  72  6:00  Pylon  
  72  6:02  Probe (Chrono Boost)  
  73  6:10  Colossus (Chrono Boost)  
  79  6:11  Probe (Chrono Boost)  
  79  6:16  Extended Thermal Lance  
  79  6:17  Probe (Chrono Boost)  
  81  6:22  Probe x2 (Chrono Boost)  
  81  6:25  Probe (Chrono Boost)  
  84  6:27  Gateway  
  84  6:31  Gateway  
  84  6:32  Probe  
  85  6:34  Probe  
  86  6:40  Probe  
  86  6:44  Probe  
  88  6:50  Templar Archives  
  88  6:52  Probe  
  88  6:53  Probe  
  90  6:58  Assimilator x2, Colossus (Chrono Boost)  
  96  7:03  Gateway  
  96  7:05  Gateway  
  96  7:11  Stalker x2  
  100  7:16  Pylon x2  
  100  7:17  Protoss Ground Weapons Level 2 (Chrono Boost)  
  100  7:22  Probe  
  101  7:28  Pylon  
  101  7:34  Probe x2  
  103  7:37  High Templar x2  
  103  7:39  Pylon  
  103  7:41  Pylon, Archon  
  103  7:42  Warp Prism (Chrono Boost), Pylon  
  109  7:51  High Templar x2  
  109  7:53  Zealot x2  
  109  7:55  Archon  
  117  8:01  Zealot x4  
  125  8:06  Pylon  
  125  8:10  High Templar x2  
  129  8:15  Archon, Zealot x2  
  133  8:22  Pylon  
  133  8:25  Probe x3, Pylon  
  136  8:36  High Templar x2  
  136  8:37  Zealot x5  
  136  8:40  Archon  
  150  8:48  Nexus  
  150  8:53  Pylon  
  148  9:02  High Templar  
  148  9:03  High Templar x2  
  148  9:04  High Templar, Zealot x3  
  148  9:07  Archon  
  148  9:08  Archon  
  162  9:11  Probe x3  
  162  9:13  Shield Battery  
  162  9:15  Photon Cannon  
  165  9:27  Robotics Facility  
  165  9:30  Probe  
  166  9:35  Zealot  
  166  9:36  Zealot x4  
Tags
 
Add a new tag
Caveats
  • Supply blocks, unpowered buildings, or Contaminate may cause inaccurate times.
  • Supply counts are checked every 10 seconds.